AoeStats
← ChinoR

Arabia

510374477Analyzed
1v1 RM · 17h ago on Sep 30, 2026· 63m 31s· 2 players
Game mode
Random Map
Map size
Tiny (2 player)
Population
200
Speed
Normal
Resources
Standard
Victory
Conquest
Starting age
Dark Age
Ending age
Imperial Age
RankedLock teamsTeams togetherTeam positionsShared explorationLock speedFull tech treeHidden civsTurbo modeCheats
Victory
Defeat
🇩🇪 Celts · Germany
1083
+16
🇦🇷 Ethiopians · Argentina
1073
-16
ChinoR
8:14 Loom
10:29 Feudal Age
12:17 Double-Bit Axe
14:19 Horse Collar
22:05 Castle Age
20:22 Gold Mining
20:59 Fletching
21:22 Padded Archer Armor
23:20 Wheelbarrow
23:45 Husbandry
23:05 Light Cavalry
24:28 Bow Saw
24:44 Heavy Plow
24:16 Crossbowman
25:33 Bodkin Arrow
36:12 Imperial Age
34:42 Ballistics
37:06 Hussar
42:04 Arbalester
42:49 Thumb Ring
45:40 Two-Man Saw
45:07 Hand Cart
45:15 Bracer
46:20 Scale Barding Armor
46:25 Forging
47:41 Leather Archer Armor
57:01 Chemistry
ImseVimse
7:50 Loom
9:58 Feudal Age
10:09 Man-at-Arms
12:07 Double-Bit Axe
20:35 Castle Age
18:43 Gold Mining
19:59 Scale Mail Armor
20:30 Forging
22:17 Wheelbarrow
22:59 Bow Saw
25:31 Pikeman
26:55 Horse Collar
40:46 Imperial Age
39:44 Town Watch
43:03 Conscription
43:43 Furor Celtica
44:51 Heavy Scorpion
46:27 Ballistics
47:19 Chemistry
49:03 Gold Shaft Mining
50:53 Hand Cart
50:51 Husbandry
50:58 Scale Barding Armor
51:29 Iron Casting
52:13 Murder Holes
53:06 Chain Barding Armor
54:34 Stone Mining
56:41 Blast Furnace
55:56 Halberdier
56:56 Long Swordsman
61:57 Capped Ram
Connection lost

Rejoining the realm…

Still unreachable

The connection could not be restored.

Session expired

The server has moved on; the page needs a fresh start.